 Dungeon Crawl Stone Soup version 0.29.1-2-gbd0b4ee654 (webtiles) character file.

Game seed: 1457591630397458782

87 Firos the Trooper (level 4, -2/41 HPs)
             Began as a Hill Orc Monk on Nov 7, 2022.
             Slain by a gnoll
             ... wielding a +4 halberd
              (6 damage)
             ... on level 3 of the Dungeon.
             The game lasted 00:03:18 (2820 turns).

Firos the Trooper (Hill Orc Monk)                   Turns: 2820, Time: 00:03:18

Health: -2/41      AC:  8    Str: 15    XL:     4   Next: 51%
Magic:  4/4        EV:  7    Int: 10    God:
Gold:   105        SH:  0    Dex: 13    Spells: 3/3 levels left

rFire   . . .      SeeInvis .   a - +0 spear (vamp)
rCold   . . .      Faith    .   (no shield)
rNeg    . . .      Spirit   .   b - +0 chain mail
rPois   .          Reflect  .   (no helmet)
rElec   .          Harm     .   (no cloak)
rCorr   .          Rampage  .   (no gloves)
Will    .....                   (no boots)
Stlth   ..........              (no amulet)
HPRegen 0.13/turn               (no ring)
MPRegen 0.09/turn               (no ring)

@: no status effects
A: no striking features
a: no special abilities


You were on level 3 of the Dungeon.
You visited 1 branch of the dungeon, and saw 3 of its levels.

You collected 105 gold pieces.

Inventory:

Hand Weapons
 a - a +0 vampiric spear (weapon)
Armour
 b - a +0 chain mail (worn)
 m - a +0 ring mail
Scrolls
 i - a scroll of vulnerability
 k - 3 scrolls of identify {unknown}
Potions
 c - a potion of ambrosia
 e - a potion of lignification {unknown}
 f - a potion of curing
 g - a potion of brilliance {unknown}
 h - a potion of heal wounds {unknown}


   Skills:
 + Level 4.4 Fighting
 * Level 4.4 Polearms
 + Level 1.4 Armour
 - Level 2.6 Dodging
 - Level 1.9 Stealth


You had 3 spell levels left.
You didn't know any spells.
Your spell library contained the following spells:

 Spells                   Type           Power      Damage    Failure   Level
 Freeze                   Ice            0%         1d3       100%        1
 Frozen Ramparts          Ice            0%         1d1       100%        3
 Hailstorm                Conj/Ice       0%         3d3       100%        4


Dungeon Overview and Level Annotations

Branches:
Dungeon (3/15)

Altars:

Annotations:
D:3 Terence


Message History

There is a stone staircase leading up here.
The frilled lizard bites you but does no damage.
The kobold barely misses you.
The frilled lizard bites you but does no damage.
There is a stone staircase leading up here.
The frilled lizard bites you but does no damage.
The frilled lizard attacks as you move away!
The frilled lizard bites you but does no damage.
Terence attacks as you move away! Terence barely misses you.
Terence attacks as you move away! Terence hits you with a +0 mace.
The frilled lizard bites you.
The gnoll hits you from afar with a +4 halberd.
The frilled lizard attacks as you move away!
The frilled lizard bites you. Terence attacks as you move away!
Terence hits you with a +0 mace.
A quokka comes into view.
The frilled lizard attacks as you move away!
The frilled lizard completely misses you.
The frilled lizard attacks as you move away!
The frilled lizard bites you but does no damage.
You hit the frilled lizard.
You feel better.
You kill the frilled lizard!
You barely miss Terence. Terence barely misses you.
The gnoll hits you from afar with a +4 halberd!
You hit Terence.
Terence is moderately wounded.
Terence hits you with a +0 mace.
The gnoll hits you from afar with a +4 halberd!
* * * LOW HITPOINT WARNING * * *
The quokka twitches its whiskers.
Okay, then.
Terence attacks as you move away! Terence hits you but does no damage.
Terence attacks as you move away! Terence hits you but does no damage.
There is a stone staircase leading up here.
Terence attacks as you move away! Terence hits you but does no damage.
There is a stone staircase leading up here.
Terence hits you with a +0 mace.
* * * LOW HITPOINT WARNING * * *
The gnoll hits you from afar with a +4 halberd.
You die...

######### #........# ...
#........# ... #........#
.. #........### #.
#.....>....## #.##
#.......$...####..#
#........#@@gg.##.#######.
#......g.###r..K..........
#....$...# ##..##...#####
#....S...# #..####.####
###.K#...# ##...g.....#
#.g###..####...###.#.#
##.# #.........# .# #
##S#####......... ..
#g...........#.......


You could see Terence, 2 gnolls, a quokka and a kobold.

Vanquished Creatures
  2 adders
  2 gnolls (D:3)
  A worm (D:3)
  2 dart slugs (D:1)
  2 bats
  4 endoplasms
  2 giant cockroaches
  5 goblins
  3 hobgoblins
  4 kobolds
  2 quokkas
  4 ball pythons
  4 frilled lizards
  5 rats
42 creatures vanquished.

Notes
Turn   | Place    | Note
-------+----------+-------------------------------------------
     0 | D:1      | Firos the Hill Orc Monk began the quest for the Orb.
     0 | D:1      | Reached XP level 1. HP: 19/19 MP: 1/1
   220 | D:1      | Reached XP level 2. HP: 27/27 MP: 2/2
   647 | D:1      | Reached XP level 3. HP: 33/33 MP: 3/3
  2140 | D:3      | Reached skill level 1 in Armour
  2142 | D:3      | Reached XP level 4. HP: 32/40 MP: 4/4
  2146 | D:3      | Noticed Terence
  2820 | D:3      | Slain by a gnoll

Illustrated notes

Levels and vault maps discovered:
D:1:      reono_arrival_mine, layout_loops_ring, feat_on_display
D:2:      layout_loops_ring
D:3:      layout_rooms, uniq_terence

Skill      XL: |  1  2  3 |
---------------+----------+-----
Fighting       | 4 |  4.4
Polearms       | 4 |  4.4
Armour         | 1 |  1.4
Dodging        | |  2.6
Stealth        | |  1.9

Action                   |  1- 3 |  4- 6 || total
-------------------------+-------+-------++-------
Melee: Spear             |   131 |    60 ||   191
       Punch             |     1 |     2 ||     3
Throw: Throwing net      |       |     2 ||     2
  Use: Scroll            |       |     3 ||     3
       Potion            |       |     1 ||     1
 Stab: Sleeping          |     4 |       ||     4
Armor: Robe              |    12 |       ||    12
       Ring mail         |    13 |     2 ||    15
       Chain mail        |       |    46 ||    46
Dodge: Dodged            |    59 |    34 ||    93
